 Dungeon Crawl Stone Soup version 0.29.0-13-gc9e81de378 (webtiles) character file.

Game seed: 14900576004669794869

3094 sanka the Grappler (level 9, -8/94 HPs)
             Began as a Troll Berserker on Sept 9, 2022.
             Was a High Priest of Trog.
             Killed by nerve-wracking pain
             ... invoked by an orc priest
              (9 damage)
             ... on level 7 of the Dungeon.
             The game lasted 00:08:40 (6270 turns).

sanka the Grappler (Troll Berserker)                Turns: 6270, Time: 00:08:41

Health: -8/94      AC:  7    Str: 31    XL:     9   Next: 59%
Magic:  8/8        EV: 10    Int:  3    God:    Trog [*****.]
Gold:   289        SH:  0    Dex:  9    Spells: 8/8 levels left

rFire   . . .      SeeInvis .     - Unarmed
rCold   . . .      Faith    .   (no shield)
rNeg    . . .      Spirit   .   A - +0 steam dragon scales
rPois   .          Reflect  .   (helmet restricted)
rElec   .          Harm     .   (no cloak)
rCorr   .          Rampage  .   (gloves unavailable)
Will    .....                   (boots unavailable)
Stlth   +.........              (no amulet)
HPRegen 1.05/turn               (no ring)
MPRegen 0.11/turn               y - +4 ring of slaying

@: lethally poisoned (-8 -> -10)
A: large, unfitting armour, claws 3, regeneration 1, shaggy fur 1, tough skin 1
a: Renounce Religion, Berserk, Trog's Hand, Brothers in Arms


You were on level 7 of the Dungeon.
You worshipped Trog.
Trog was extremely pleased with you.
You visited 1 branch of the dungeon, and saw 7 of its levels.
You also visited: Sewer.

You collected 508 gold pieces.
You spent 219 gold pieces at shops.


Innate Abilities, Weirdness & Mutations

You are too large for most types of armour.
You have claws for hands.
Your natural rate of healing is unusually fast.
You are covered in fur. (AC +1)
You have tough skin. (AC +1)


   Skills:
 + Level 7.6 Fighting
 - Level 2.4 Dodging
 * Level 10.8 Unarmed Combat


You had 8 spell levels left.
You didn't know any spells.
Your spell library was empty.

Inventory:

Missiles
 a - a curare-tipped dart {=f}
Armour
 A - +0 steam dragon scales (worn)
Jewellery
 y - a +4 ring of slaying (right claw)
Wands
 w - a wand of light (5)
 D - a wand of roots (14)
 E - a wand of digging (4)
 F - a wand of paralysis (6)
Scrolls
 b - 4 scrolls of teleportation {@r4}
 c - a scroll of fear {unknown}
 e - 2 scrolls of immolation {unknown}
 f - 2 scrolls of vulnerability {!r}
 i - a scroll of summoning {unknown}
 j - 2 scrolls of fog
 l - 2 scrolls of blinking
 n - 3 scrolls of amnesia {unknown}
 o - 2 scrolls of magic mapping
 p - a scroll of enchant weapon {unknown}
 q - 6 scrolls of identify {@r1}
 r - a scroll of silence {unknown}
 u - a scroll of poison {unknown}
Potions
 d - 3 potions of lignification {unknown}
 g - 3 potions of magic {unknown}
 h - 6 potions of curing {unknown}
 k - 3 potions of mutation {unknown}
 m - 4 potions of heal wounds {unknown}
 s - a potion of flight {unknown}
 t - 2 potions of attraction {unknown}
 v - 3 potions of resistance {unknown}
 x - a potion of ambrosia {unknown}
 z - 2 potions of berserk rage {unknown}
 B - a potion of brilliance {unknown}
 C - 2 potions of invisibility {unknown}

Dungeon Overview and Level Annotations

Branches:
Dungeon (7/15)             Temple (0/1) D:5           Sewer (visited)

Altars:
Ashenzari
Dithmenos
Kikubaaqudgha
Okawaru
Trog
Vehumet

Shops:
D:4 :?[[:

Annotations:
D:7 Joseph

▒. ▒...▒ ▒. ▒.
▒▒▒▒▒▒...▒▒▒. ▒.
.▒▒........... ▒▒▒
▒.▒▒▒▒. ▒.▒▒▒...▒▒▒.
....▒......▒▒+▒.........
......... ..............
▒...@).▒ ▒..........▒▒▒
▒.▒ ▒....▒▒.▒▒.▒..
▒▒T▒▒▒.......▒▒.▒..
▒..).....▒▒▒▒▒▒.▒..
▒..▒.▒...▒ ▒......
▒.▒...▒..▒▒▒▒.▒.▒▒.
▒o..........▒.▒....
.....▒.▒......▒.▒▒▒▒▒
▒.......▒.▒...▒.....[
▒▒▒.........†....▒▒▒▒ ▒
▒....▒▒..▒..▒.....▒


You could see an orc priest.


Message History

Joseph, a Mercenary comes into view.
He is wielding a +0 quarterstaff.
You feel very sick.
Joseph shouts!
The orc priest miscasts a cantrip.
Unknown command.
The orc priest shouts!
You claw the orc priest!
The orc priest is severely wounded.
You feel very sick.
The orc priest hits you with a +0 trident.
* * * LOW HITPOINT WARNING * * *
Unknown command.
You mangle the orc priest!!
You kill the orc priest!
Trog accepts your kill.
You feel sick.
Joseph says, "I'm here to kill trespassers.
I like my job."
Joseph unwields a +0 quarterstaff.
Joseph wields a +3 sling of flaming.
It bursts into flame!
Joseph shoots a sling bullet.
The sling bullet hits you!
* * * LOW HITPOINT WARNING * * *
The sling bullet burns you.
* * * LOW HITPOINT WARNING * * *
* * * LOW HITPOINT WARNING * * *
You feel sick.
The orc priest mumbles some strange prayers to Beogh against you.
Pain shoots through your body!
You die...

Action                   |  1- 3 |  4- 6 |  7- 9 || total
-------------------------+-------+-------+-------++-------
Melee: Unarmed           |    96 |   274 |   234 ||   604
       Punch             |     1 |     8 |    12 ||    21
Invok: Berserk           |       |       |     1 ||     1
  Use: Scroll            |       |     2 |       ||     2
 Stab: Sleeping          |       |     2 |       ||     2
Armor: Animal skin       |    34 |    42 |    11 ||    87
       Steam dragon scal |       |       |    55 ||    55
Dodge: Dodged            |    53 |    87 |    95 ||   235

Levels and vault maps discovered:
D:1:      dpeg_arrival_tiny_g, layout_basic
D:2:      layout_basic, basic_altar
D:3:      layout_loops_corners, nicolae_overflow_crystal_walls,
          shapermc_ecumenical_altar_mp_vishouse, wad_woods_river_04
D:4:      layout_basic, nicolae_overflow_hidden_temple, serial_shops,
          nicolae_shop_behind_doors, nicolae_shop_advertising_works
          [nicolae_subvault_shop_adworks], shop_coins, nicolae_stop_n_shop_1,
          nicolae_diamond_shop
D:5:      layout_layer_cave, minmay_temple_entry_from_below_b
D:6:      layout_basic, cheibrodos_ashenzari_chains, vehumet_statue,
          okawaru_altar_gauntlet_db, portal_sewer_entry_d, uniq_grinder
D:7:      layout_basic, cheibriados_altar_1, marbit_many_paths,
          hangedman_abyss_or_decor_lesser_grid, uniq_prince_ribbit1, uniq_joseph

Notes
Turn   | Place    | Note
-------+----------+-------------------------------------------
     0 | D:1      | sanka the Troll Berserker began the quest for the Orb.
     0 | D:1      | Reached XP level 1. HP: 22/22 MP: 0/0
    48 | D:2      | Reached XP level 2. HP: 19/29 MP: 1/1
   152 | D:2      | Reached skill level 3 in Fighting
   152 | D:2      | Reached XP level 3. HP: 32/37 MP: 2/2
   372 | D:1      | Reached ** piety under Trog
   373 | D:1      | Reached skill level 4 in Unarmed Combat
   556 | D:1      | Reached XP level 4. HP: 45/45 MP: 3/3
   813 | D:2      | Found a shadowy altar of Dithmenos.
  1648 | D:3      | Reached XP level 5. HP: 49/54 MP: 4/4
  1734 | D:3      | Reached *** piety under Trog
  1884 | D:3      | Found a bloodstained altar of Trog.
  2225 | D:3      | Found a faded altar of an unknown god.
  2662 | D:3      | Reached skill level 4 in Fighting
  2686 | D:4      | Reached skill level 5 in Unarmed Combat
  2725 | D:4      | Reached XP level 6. HP: 46/63 MP: 5/5
  2777 | D:4      | Found Joughec's Armour Shoppe.
  2831 | D:4      | Found Oqajug's Book Emporium.
  2871 | D:4      | Found Vugex's Magic Scroll Boutique.
  2946 | D:4      | Bought a scroll of blinking for 82 gold pieces
  2946 | D:4      | Bought a scroll of magic mapping for 82 gold pieces
  2946 | D:4      | Bought a scroll of identify for 22 gold pieces
  2946 | D:4      | Bought a scroll of teleportation for 33 gold pieces
  3089 | D:4      | Found Vukonkie's Armour Shoppe.
  3112 | D:4      | Reached skill level 5 in Fighting
  3112 | D:4      | Reached skill level 6 in Unarmed Combat
  3112 | D:4      | Reached XP level 7. HP: 49/72 MP: 6/6
  3114 | D:4      | Found Nyast's Book Boutique.
  3394 | D:4      | Found an ancient bone altar of Kikubaaqudgha.
  3527 | D:5      | Entered Level 5 of the Dungeon
  3749 | D:5      | Identified the +1 ring mail of Qumuc {Contam Int+6}
  4067 | D:5      | Found a staircase to the Ecumenical Temple.
  4627 | D:6      | Reached skill level 7 in Unarmed Combat
  4650 | D:6      | Noticed a steam dragon
  4658 | D:6      | Killed a steam dragon
  4658 | D:6      | Identified +0 steam dragon scales
  4659 | D:6      | Reached skill level 6 in Fighting
  4659 | D:6      | Reached XP level 8. HP: 66/83 MP: 7/7
  4738 | D:6      | Reached **** piety under Trog
  4839 | D:6      | Found a broken altar of Ashenzari.
  4853 | D:6      | Found a glowing drain.
  4864 | Sewer    | Entered a sewer
  4885 | Sewer    | Reached skill level 8 in Unarmed Combat
  5186 | D:6      | Found a radiant altar of Vehumet.
  5347 | D:6      | Found an iron altar of Okawaru.
  5443 | D:6      | Noticed Grinder
  5453 | D:6      | Killed Grinder
  5454 | D:6      | Reached skill level 9 in Unarmed Combat
  5456 | D:6      | Reached XP level 9. HP: 43/92 MP: 8/8
  5956 | D:5      | Reached skill level 7 in Fighting
  5976 | D:7      | Noticed Prince Ribbit
  5986 | D:7      | Killed Prince Ribbit
  6084 | D:7      | Reached skill level 10 in Unarmed Combat
  6192 | D:7      | Reached ***** piety under Trog
  6267 | D:7      | Noticed Joseph
  6269 | D:7      | HP: 6/93 [Joseph/sling bullet (10)]
  6269 | D:7      | HP: 1/93 [Joseph/sling bullet (5)]
  6270 | D:7      | Killed from afar by an orc priest

Vanquished Creatures
  Grinder (D:6)
  Prince Ribbit (D:7)
  A steam dragon (D:6)
  A water moccasin (D:7)
  An ice beast (D:7)
  A black bear (D:7)
  A sky beast (D:7)
  A centaur (D:6)
  A phantom (D:5)
  2 kobold brigands (Sewer)
  2 bullfrogs (D:7)
  A necrophage (D:5)
  5 scorpions
  11 wights
  A howler monkey (D:4)
  A hound (D:4)
  4 orc priests
  5 iguanas
  4 orc wizards
  A statue (D:6)
  8 gnolls
  16 adders
  3 shadow imps (D:6)
  3 ufetubi
  3 worms
  23 orcs
  4 endoplasms
  7 giant cockroaches
  12 goblins
  5 hobgoblins
  3 jackals (D:1)
  20 kobolds
  5 quokkas
  12 ball pythons
  12 bats
  4 frilled lizards
  5 rats
191 creatures vanquished.

Vanquished Creatures (others)
  19 plants (D:3)
19 creatures vanquished.

Grand Total: 210 creatures vanquished
